 Dungeon Crawl Stone Soup version 0.25.0-26-g0c896c7088 (webtiles) character file.

Game seed: 7905278718061363947

651 marsu the Shield-Bearer (level 7, 0/55 HPs)
             Began as a Formicid Fighter on July 3, 2020.
             Was an Initiate of Okawaru.
             Killed from afar by Ijyb (19 damage)
             ... with a bolt of acid
             ... on level 5 of the Dungeon.
             The game lasted 00:05:23 (5341 turns).

marsu the Shield-Bearer (Formicid Fighter)          Turns: 5341, Time: 00:05:24

Health: 0/55       AC:  9    Str: 23    XL:     7   Next: 83%
Magic:  16/16      EV:  7    Int:  7    God:    Okawaru [......]
Gold:   161        SH: 11    Dex: 10    Spells: 6/6 levels left

rFire    . . .     SeeInvis +   a - +0 war axe
rCold    . . .     Gourm    .   c - +1 kite shield
rNeg     . . .     Faith    .   k - +0 chain mail
rPois    .         Spirit   .   (helmet unavailable)
rElec    .         Reflect  .   (no cloak)
rCorr    .         Harm     .   (no gloves)
MR       .....                  (no boots)
Stlth    ..........             (no amulet)
HPRegen  0.18/turn              u - ring of magical power {MP+9}
MPRegen  0.15/turn              o - ring of flight

@: no status effects
A: permanent stasis, dig shafts and tunnels, four strong arms, antennae 3
a: Dig, Shaft Self, Renounce Religion, Evoke Flight


You were on level 5 of the Dungeon.
You worshipped Okawaru.
Okawaru was noncommittal.
You were not hungry.

You visited 1 branch of the dungeon, and saw 5 of its levels.

You collected 161 gold pieces.

Inventory:

Hand Weapons
 a - a +0 war axe (weapon)
Missiles
 m - 2 throwing nets {=f}
 w - 11 poisoned darts (quivered)
 Q - 95 stones
Armour
 b - a +0 scale mail
 c - a +1 kite shield (worn)
 k - a +0 chain mail (worn)
Jewellery
 o - a ring of flight (right hand)
 u - a ring of magical power (left hand) {MP+9}
Wands
 g - a wand of polymorph (12)
Scrolls
 n - 2 scrolls of remove curse
 p - a scroll of amnesia
Potions
 d - a potion of curing
 e - a potion of lignification {!q}
 h - 2 potions of cancellation
 j - a potion of brilliance {unknown}
 l - a potion of mutation {!q}
 s - a potion of stabbing
 v - a potion of ambrosia
Comestibles
 f - 11 rations
 i - a chunk of flesh


   Skills:
 + Level 4.8 Fighting
 * Level 4.9 Axes
 + Level 4.8 Armour
 * Level 6.5 Shields


You had 6 spell levels left.
You didn't know any spells.
Your spell library contained the following spells:

 Spells                   Type           Power        Failure   Level  Hunger
 Magic Dart               Conj           #...         99%         1    ##.....
 Searing Ray              Conj           #.....       100%        2    ###....
 Dazzling Flash           Conj/Hex       #.....       100%        3    ####...
 Fulminant Prism          Conj/Hex       #.........   100%        4    #####..
 Iskenderun's Mystic Bla  Conj/Tloc      #.......     100%        4    #####..


Dungeon Overview and Level Annotations

Branches:
Dungeon (5/15)             Temple (0/1) D:4

Altars:
Fedhas
Hepliaklqana
Kikubaaqudgha
Okawaru
Trog
Xom
Zin
The Shining One

Annotations:
D:2 exclusion: oklob plant
D:4 2 transporters, barott's ghost, amateur GnEE
D:5 Ijyb


Innate Abilities, Weirdness & Mutations

You cannot be hasted, slowed, berserked, paralysed or teleported.
You can dig through walls and to a lower floor.
Your four strong arms can wield two-handed weapons with a shield.
You have a pair of large antennae on your head. (SInv)


Message History

You take 21 damage, and have 28/55 hp.
MASSIVE DAMAGE!!
You hit Ijyb but do no damage. You hit the worm but do no damage.
Ijyb hits you but does no damage. The worm bites you.
* * * LOW HITPOINT WARNING * * *
Ijyb hits you.
* * * LOW HITPOINT WARNING * * *
You take 6 damage, and have 22/55 hp.
Unknown command.
You slash Ijyb! You barely miss the worm.
Ijyb screams, "Die!"
Ijyb hits you.
* * * LOW HITPOINT WARNING * * *
You block the worm's attack. Ijyb barely misses you.
You take 3 damage, and have 19/55 hp.
Unknown command.
You closely miss Ijyb. You hit the worm.
Ijyb zaps a wand.
The bolt of acid hits you!!
You die...

#################
.................
.................
......g@.<.......
......w...†......
##...####+#####..
#.. #. #


You could see Ijyb (fast) and a worm.

Levels and vault maps discovered:
D:1:      mrwooster_arrival_statue_2, layout_loops_ring,
          chequers_serial_rivers_micro_c
D:2:      layout_basic, grunt_temple_overflow_cloverleaf, lemuel_doored_altar,
          tgw_fedhas, nicolae_overflow_hidden_temple, uniq_sigmund, uniq_terence
D:3:      layout_loops_corners, zin_scriptorium
D:4:      layout_loops_ring, minmay_temple_entry_offerings,
          gammafunk_ghost_smash, first_ration
D:5:      layout_gridville, uniq_prince_ribbit1, uniq_ijyb

Notes
Turn   | Place    | Note
-------+----------+-------------------------------------------
     0 | D:1      | marsu the Formicid Fighter began the quest for the Orb.
     0 | D:1      | Reached XP level 1. HP: 18/18 MP: 1/1
   255 | D:1      | Reached XP level 2. HP: 24/24 MP: 2/2
   437 | D:1      | Reached skill level 4 in Shields
   507 | D:1      | Identified a +0 chain mail (You found it on level 1 of the
                  | Dungeon)
   526 | D:1      | Identified a cursed -3 short sword
   572 | D:1      | Reached XP level 3. HP: 29/29 MP: 3/3
   580 | D:1      | Identified a +0 club
   600 | D:1      | Identified a +0 club
  1027 | D:2      | Found an ancient bone altar of Kikubaaqudgha.
  1218 | D:2      | Found a hazy altar of Hepliaklqana.
  1243 | D:2      | Identified a +0 dagger
  1243 | D:2      | Identified a +1 vorpal hunting sling
  1428 | D:2      | Identified a +0 club
  1519 | D:2      | Identified a +0 short sword
  1519 | D:2      | Identified a +0 chain mail
  1519 | D:2      | Noticed Terence
  1528 | D:2      | Identified 2 potions of cancellation
  1529 | D:2      | Identified a potion of flight
  1538 | D:2      | Killed Terence
  1538 | D:2      | Reached XP level 4. HP: 31/37 MP: 4/4
  1549 | D:2      | Identified a +0 scythe
  1549 | D:2      | Identified a +0 robe
  1549 | D:2      | Noticed Sigmund
  1556 | D:2      | HP: 3/37 [Sigmund/+0 scythe (11)]
  1558 | D:2      | Killed Sigmund
  1558 | D:2      | Reached skill level 4 in Fighting
  1558 | D:2      | Reached skill level 3 in Axes
  1558 | D:2      | Reached skill level 4 in Armour
  1558 | D:2      | Reached skill level 5 in Shields
  1558 | D:2      | Reached XP level 5. HP: 4/42 MP: 5/5
  1558 | D:2      | Reached XP level 6. HP: 4/48 MP: 6/6
  1871 | D:2      | Found a bloodstained altar of Trog.
  1874 | D:2      | Found a glowing golden altar of the Shining One.
  1923 | D:2      | Found a shimmering altar of Xom.
  1936 | D:2      | Found an iron altar of Okawaru.
  1940 | D:2      | Became a worshipper of Warmaster Okawaru
  2438 | D:2      | Found a blossoming altar of Fedhas.
  2439 | D:2      | Identified a +0 dagger
  2450 | D:2      | Noticed an oklob plant
  2650 | D:3      | Identified a +0 club
  2755 | D:3      | Identified a ring of magical power (You found it on level 3
                  | of the Dungeon)
  2841 | D:3      | Identified a +0 whip
  2841 | D:3      | Identified a +0 leather armour
  2846 | D:3      | Reached skill level 4 in Axes
  2934 | D:3      | Identified a +0 dagger
  3057 | D:3      | Identified a +0 dagger
  3078 | D:3      | Identified a cursed -3 hand axe (You found it on level 3 of
                  | the Dungeon)
  3099 | D:3      | Identified 3 scrolls of random uselessness
  3100 | D:3      | Identified 2 scrolls of remove curse
  3102 | D:3      | Identified a +0 war axe
  3222 | D:3      | Identified a +0 club
  3225 | D:3      | Identified a ring of flight (You found it on level 3 of the
                  | Dungeon)
  3293 | D:3      | Identified a +0 dagger
  3348 | D:3      | Found a glowing silver altar of Zin.
  3749 | D:4      | Identified a cursed -2 hand axe
  3749 | D:4      | Identified a +0 mace
  3771 | D:3      | Reached XP level 7. HP: 47/55 MP: 7/7
  3865 | D:4      | Reached skill level 6 in Shields
  4012 | D:4      | Identified 2 scrolls of amnesia
  4013 | D:4      | Identified a scroll of fog
  4014 | D:4      | Identified 2 scrolls of teleportation
  4015 | D:4      | Identified 3 scrolls of identify
  4015 | D:4      | Identified a potion of stabbing
  4016 | D:4      | Identified a potion of ambrosia
  4017 | D:4      | Identified a potion of curing
  4018 | D:4      | Identified a scroll of enchant armour
  4019 | D:4      | Identified a scroll of blinking
  4112 | D:4      | Found a staircase to the Ecumenical Temple.
  4164 | D:4      | Identified a +0 whip
  4164 | D:4      | Identified a +0 flail
  4164 | D:4      | Identified a +0 club
  4180 | D:4      | Identified a +0 whip
  4188 | D:4      | Identified a +0 ring mail
  4196 | D:4      | Identified a +0 scale mail
  4538 | D:4      | Identified a scroll of immolation
  4920 | D:4      | Found a transporter.
  4923 | D:4      | Identified a +0 giant spiked club
  4924 | D:4      | Found a transporter.
  4924 | D:4      | Identified a +0 giant club
  4924 | D:4      | Identified a +2 dire flail
  4924 | D:4      | Noticed barott's ghost (amateur GnEE)
  5124 | D:4      | Identified a potion of mutation
  5125 | D:4      | Identified a potion of lignification
  5150 | D:5      | Entered Level 5 of the Dungeon
  5156 | D:5      | Identified a +0 ring mail
  5156 | D:5      | Noticed Ijyb
  5341 | D:5      | Killed from afar by Ijyb

Table legend:
 A = Turns spent in this place as a percentage of turns spent in the entire game.
 B = Non-inter-level travel turns spent in this place as a percentage of non-inter-level travel turns spent in the entire game.
 C = Inter-level travel turns spent in this place as a percentage of turns spent in this place.
 D = Turns resting spent in this place as a percentage of non-inter-level travel turns spent in this place.
 E = Turns spent auto-exploring this place as a percentage of non-inter-level travel turns spent in this place.
 F = Non-inter-level travel turns spent in this place divided by the number of levels of this place that you've seen.
                   A       B       C       D       E      F
               +-------+-------+-------+-------+-------+----------------------
         Total | 100.0 | 100.0 |   5.8 |  26.3 |  54.6 | 1006.0
       Dungeon | 100.0 | 100.0 |   5.8 |  26.3 |  54.6 | 1006.0
               +-------+-------+-------+-------+-------+----------------------

Table legend:
 A = Kills in this place as a percentage of kills in entire the game.
 B = Kills by you in this place as a percentage of kills by you in the entire game.
 C = Kills by friends in this place as a percentage of kills by friends in the entire game.
 D = Other kills in this place as a percentage of other kills in the entire game.
 E = Experience gained in this place as a percentage of experience gained in the entire game.
 F = Experience gained in this place divided by the number of levels of this place that you have seen.
                   A       B       C       D       E      F
               +-------+-------+-------+-------+-------+----------------------
         Total | 100.0 | 100.0 |   N/A |   N/A | 100.0 | 186.0
       Dungeon | 100.0 | 100.0 |   N/A |   N/A | 100.0 | 186.0
               +-------+-------+-------+-------+-------+----------------------

Skill      XL: |  1  2  3  4  5  6  7 |
---------------+----------------------+-----
Shields        | 4 5 6 |  6.5
Fighting       | 4 |  4.8
Axes           | 3 4 |  4.9
Armour         | 4 |  4.8

Action                   |  1- 3 |  4- 6 |  7- 9 || total
-------------------------+-------+-------+-------++-------
Melee: War axe           |   149 |   111 |   117 ||   377
       Hand axe          |       |     1 |       ||     1
Throw: Dart              |       |       |     2 ||     2
 Abil: Dig               |     1 |     1 |       ||     2
  Use: Potion            |     3 |       |       ||     3
       Scroll            |       |     2 |    11 ||    13
  Eat: Chunk             |     2 |     6 |     7 ||    15
Armor: Scale mail        |    17 |       |       ||    17
       Chain mail        |    45 |    56 |    29 ||   130
Dodge: Dodged            |    46 |    28 |    34 ||   108
Block: Kite shield       |    88 |    66 |    62 ||   216

Vanquished Creatures
  Sigmund (D:2)
  2 howler monkeys
  3 orc priests
  A hound (D:3)
  A bullfrog skeleton (D:4)
  2 iguanas (D:4)
  Terence (D:2)
  2 worker ants (D:4)
  5 adders
  An ooze (D:4)
  3 worms
  2 dart slugs (D:1)
  2 leopard geckos
  8 orcs
  2 ball pythons
  6 bats
  8 giant cockroaches
  10 goblins
  5 hobgoblins
  4 jackals (D:3)
  2 quokkas
  7 frilled lizards
  A jackal zombie (D:4)
  8 kobolds
  5 rats
92 creatures vanquished.
